Map: Ruins of Endion

Players

MiƙeƴMauŞ - Winner!

  • Race: Protoss Protoss
  • League: Master

Miszu

  • Race: Terran Terran
  • League: Grandmaster

VOD

Have the link to the VOD?

Description

Time

  • Played on: May 16, 2016, 3:34 p.m.
  • Length: 3:45
Show
View Real Time Build Order
Export as new Build Order

MiƙeƴMauŞ Protoss - Winner!

Build Orders: 1 Gate Expand, Oracle Opening 

Get SALT Encoding   

  12  0:01  Probe (Chrono Boost)  
  13  0:11  Probe (Chrono Boost)  
  14  0:18  Pylon  
  14  0:22  Probe (Chrono Boost)  
  15  0:36  Gateway, Probe (Chrono Boost)  
  16  0:43  Assimilator  
  16  0:47  Probe (Chrono Boost)  
  17  0:57  Probe (Chrono Boost)  
  18  1:08  Probe (Chrono Boost)  
  19  1:19  Nexus  
  19  1:21  Probe (Chrono Boost)  
  20  1:32  Cybernetics Core  
  20  1:35  Probe (Chrono Boost)  
  21  1:41  Assimilator  
  21  1:46  Probe (Chrono Boost)  
  22  1:50  Pylon  
  22  1:56  Probe (Chrono Boost)  
  23  2:08  Adept (Chrono Boost), Probe (Chrono Boost)  
  26  2:14  Stargate  
  26  2:20  Probe  
  27  2:30  Pylon  
  27  2:32  Adept (Chrono Boost), Probe (Chrono Boost)  
  30  2:40  Probe (Chrono Boost)  
  31  2:44  Probe (Chrono Boost)  
  31  2:50  Probe (Chrono Boost)  
  33  2:55  Probe (Chrono Boost)  
  33  2:58  Adept, Oracle (Chrono Boost)  
  39  3:00  Probe  
  40  3:06  Probe  
  40  3:11  Probe  
  42  3:18  Probe  
  41  3:21  Probe  
  42  3:28  Gateway  
  42  3:29  Gateway  
  42  3:30  Probe  
  46  3:42  Assimilator  
Show
View Real Time Build Order
Export as new Build Order

Miszu Terran 

Build Orders:  

Get SALT Encoding   

  12  0:00  SCV  
  13  0:12  SCV  
  14  0:19  Supply Depot  
  14  0:24  SCV  
  15  0:40  SCV  
  16  0:43  Barracks  
  16  0:52  SCV  
  17  1:06  SCV  
  18  1:14  Command Center  
  18  1:19  SCV  
  19  1:31  Marine, Orbital Command  
  20  1:49  Marine  
  20  1:53  Barracks  
  20  1:54  Barracks  
  21  1:57  SCV  
  22  2:07  Marine  
  23  2:19  Refinery  
  23  2:21  Refinery  
  23  2:26  SCV, Orbital Command  
  23  2:28  Marine  
  25  2:38  SCV  
  25  2:41  Marine x2  
  28  2:49  Barracks Tech Lab  
  28  2:50  SCV  
  29  2:51  SCV  
  30  2:58  Marine  
  30  3:02  SCV  
  30  3:03  Marine, SCV  
  34  3:14  SCV  
  34  3:16  SCV  
  37  3:20  Marine  
  38  3:27  Supply Depot  
  38  3:28  Barracks Reactor, SCV  
  38  3:29  Barracks Tech Lab  
  38  3:30  Supply Depot  
  38  3:37  Supply Depot  
Tags
 
Add a new tag
Caveats
  • Supply blocks, unpowered buildings, or Contaminate may cause inaccurate times.
  • Supply counts are checked every 10 seconds.